 Dungeon Crawl Stone Soup version 0.29-a0-330-g52719c12eb (webtiles) character file.

Game seed: 6412510316090039773

1159 Apogee the Basher (level 8, 0/52 HPs)
             Began as a Gargoyle Monk on Apr 29, 2022.
             Slain by a scorpion (2 damage)
             ... on level 7 of the Dungeon.
             The game lasted 00:12:24 (6434 turns).

Apogee the Basher (Gargoyle Monk)                   Turns: 6434, Time: 00:12:24

Health: 0/52       AC: 10    Str: 14 (17) XL:     8   Next: 39%
Magic:  8/8        EV:  9    Int:  8 (11) God:
Gold:   260        SH:  0    Dex: 11 (12) Spells: 7/7 levels left

rFire   . . .      SeeInvis .   a - +0 mace (drain)
rCold   . . .      Faith    .   (no shield)
rNeg    + . .      Spirit   .   i - +0 scale mail
rPois   ∞          Reflect  .   (helmet restricted)
rElec   +          Harm     .   m - +0 cloak
rCorr   .          Rampage  .   (no gloves)
Will    .....                   p - +0 pair of boots
Stlth   ..........              (no amulet)
HPRegen 0.17/turn               (no ring)
MPRegen 0.11/turn               (no ring)

@: no status effects
A: sickness immunity, AC +5, negative energy resistance 1, electricity
resistance, torment resistance 1, petrification resistance, fangs 1, horns 1,
deformed body, MP-powered wands
a: no special abilities


You were on level 7 of the Dungeon.
You visited 1 branch of the dungeon, and saw 7 of its levels.

You collected 260 gold pieces.

Inventory:

Hand Weapons
 a - a +0 mace of draining (weapon)
 b - a +0 shortbow
   (You took it off a centaur on level 5 of the Dungeon)
 x - a +0 flail
   (You took it off an orc on level 4 of the Dungeon)
Missiles
 j - 2 javelins
 v - a poisoned dart (quivered)
Armour
 i - a +0 scale mail (worn)
   (You found it on level 1 of the Dungeon)
 m - a +0 cloak (worn)
   (You found it on level 2 of the Dungeon)
 p - a +0 pair of boots (worn)
   (You found it on level 2 of the Dungeon)
 q - a +0 robe
   (You found it on level 5 of the Dungeon)
 s - a +2 leather armour of willpower
   (You found it on level 5 of the Dungeon)
 A - a +0 ring mail
   (You took it off an orc on level 6 of the Dungeon)
 B - a +0 kite shield
   (You found it on level 6 of the Dungeon)
Scrolls
 f - 2 scrolls of noise {unknown}
 g - 5 scrolls of teleportation {unknown}
 l - 2 scrolls of brand weapon
 n - 3 scrolls of identify {unknown}
 t - a scroll of amnesia {unknown}
 w - a scroll of enchant weapon {unknown}
 y - a scroll of summoning {unknown}
Potions
 c - a potion of ambrosia
 h - a potion of mutation {!q}
 o - a potion of might
 r - a potion of flight
 z - a potion of lignification {!q}


   Skills:
 + Level 6.3 Fighting
 * Level 8.3 Maces & Flails
 + Level 1.7 Bows
 - Level 2.0 Throwing
 - Level 2.4 Dodging
 - Level 2.1 Stealth


You had 7 spell levels left.
You didn't know any spells.
Your spell library contained the following spells:

 Spells                   Type           Power      Damage    Failure   Level
 Animate Skeleton         Necr           0%         N/A       89%         1
 Apportation              Tloc           0%         N/A       89%         1
 Freeze                   Ice            0%         1d3       89%         1
 Summon Small Mammal      Summ           0%         N/A       89%         1
 Frozen Ramparts          Ice            0%         1d2       99%         3
 Hailstorm                Conj/Ice       0%         3d3       100%        4


Dungeon Overview and Level Annotations

Branches:
Dungeon (6/15)
 Temple: D:4-7

Altars:
Dithmenos
Xom


Innate Abilities, Weirdness & Mutations

You are immune to sickness and miasma.
Your stone body is resilient. (AC +5)
You are immune to poison.
You resist negative energy. (rN+)
You are resistant to electric shocks. (rElec)
You are resistant to unholy torment.
You are immune to petrification.
You have very sharp teeth.
You have a pair of small horns on your head.
Armour fits poorly on your strangely shaped body.
You expend magic power (3 MP) to strengthen your wands.


Message History

Your +0 mace craves living souls!
a - a +0 mace of draining (weapon)
The jelly barely misses you.
It was a potion of curing.
You feel better. The jelly closely misses you.
It was a potion of flight.
You feel very buoyant.
You fly up into the air.
The jelly closely misses you. The scorpion stings you.
* * * LOW HITPOINT WARNING * * *
It was a potion of might.
You feel very mighty all of a sudden. The scorpion stings you.
* * * LOW HITPOINT WARNING * * *
The jelly hits you but does no damage.
You feel better.
The scorpion stings you but does no damage.
The jelly hits you but does no damage. The scorpion closely misses you.
Unknown command.
It was a potion of mutation.
You feel extremely strange.
Your teeth lengthen and sharpen.
Your body twists and deforms.
You feel your magical essence link to the dungeon's wands.
A pair of horns grows on your head! The jelly barely misses you.
The scorpion stings you.
* * * LOW HITPOINT WARNING * * *
It was a potion of cancellation.
Your magical effects are unravelling.
You feel magically purged.
You float gracefully downwards.
You feel a little less mighty now.
You are no longer corroded.
The jelly hits you but does no damage.
The scorpion stings you but does no damage.
You sock the jelly!
You kill the jelly!
The scorpion stings you but does no damage.
The orc attacks as you move away! The orc barely misses you.
The orc attacks as you move away! The orc hits you with a +0 club.
* * * LOW HITPOINT WARNING * * *
The scorpion stings you but does no damage.
The orc attacks as you move away! The orc hits you with a +0 club.
* * * LOW HITPOINT WARNING * * *
The scorpion attacks as you move away!
The scorpion stings you but does no damage.
It was a potion of degeneration.
There was something very wrong with that liquid.
You feel weakened.
You feel dopey.
You feel clumsy. The orc hits you but does no damage. The scorpion stings you.
* * * LOW HITPOINT WARNING * * *
Unknown command.
As you read the scroll labelled FEW PIAFEATH, it crumbles to dust.
You speak a Word of immense power!
It was a scroll of holy word.
The orc hits you but does no damage. The scorpion stings you.
You die...

#.. #.....##..........
....###..............#
#...........#.....###.
#........###o.......
#.......###........
##..$..###o.......>
###.$$..##...##.....
#......s.##.## #....
#.....@oOo?.# ....
......###))..# ##.
........ ###......
##+###... ........
##.. ..........
.......... ...........
...........


You could see an ogre, a scorpion and 2 orcs.

Vanquished Creatures
  Grinder (D:3)
  A sky beast (D:5)
  2 ice beasts (D:5)
  3 centaurs
  A phantom (D:5)
  A wight (D:5)
  2 hounds (D:4)
  A jelly (D:7)
  Jessica (D:3)
  2 orc wizards
  Natasha (D:3)
  5 adders
  A dart slug (D:1)
  3 worms
  11 orcs
  3 endoplasms
  A giant cockroach (D:1)
  5 goblins
  10 hobgoblins
  3 jackals (D:3)
  4 kobolds
  6 quokkas
  8 ball pythons
  6 bats
  2 frilled lizards (D:1)
  6 rats
90 creatures vanquished.

Vanquished Creatures (others)
  A plant (D:3)
1 creature vanquished.

Grand Total: 91 creatures vanquished

Notes
Turn   | Place    | Note
-------+----------+-------------------------------------------
     0 | D:1      | Apogee the Gargoyle Monk began the quest for the Orb.
     0 | D:1      | Reached XP level 1. HP: 14/14 MP: 1/1
   426 | D:1      | Reached XP level 2. HP: 19/19 MP: 2/2
   850 | D:1      | Reached skill level 4 in Maces & Flails
  1125 | D:1      | Reached XP level 3. HP: 23/23 MP: 3/3
  1634 | D:2      | Found a faded altar of an unknown god.
  2002 | D:3      | Noticed Jessica
  2024 | D:3      | Killed Jessica
  2025 | D:3      | Reached XP level 4. HP: 10/29 MP: 4/4
  2243 | D:3      | Noticed Grinder
  2340 | D:3      | Killed Grinder
  2341 | D:3      | Reached skill level 6 in Maces & Flails
  2341 | D:3      | Reached XP level 5. HP: 11/34 MP: 5/5
  2341 | D:3      | Reached XP level 6. HP: 12/39 MP: 6/6
  2863 | D:3      | Noticed Natasha
  2874 | D:3      | Killed Natasha
  3608 | D:4      | Found a shadowy altar of Dithmenos.
  3804 | D:4      | Reached skill level 5 in Fighting
  4276 | D:4      | Reached skill level 1 in Throwing
  4405 | D:5      | Entered Level 5 of the Dungeon
  4425 | D:5      | Reached XP level 7. HP: 44/44 MP: 7/7
  4461 | D:5      | Found a shimmering altar of Xom.
  4632 | D:5      | Reached skill level 7 in Maces & Flails
  5194 | D:5      | Reached XP level 8. HP: 17/51 MP: 8/8
  6042 | D:5      | Reached skill level 8 in Maces & Flails
  6042 | D:5      | Reached skill level 1 in Bows
  6385 | D:6      | You fall into a shaft and drop 1 floor!
  6421 | D:7      | HP: 1/52 [acid (6)]
  6427 | D:7      | Gained mutation: You have very sharp teeth. [potion of
                  | mutation]
  6427 | D:7      | Gained mutation: Armour fits poorly on your strangely
                  | shaped body. [potion of mutation]
  6427 | D:7      | Gained mutation: You expend magic power (3 MP) to
                  | strengthen your wands. [potion of mutation]
  6427 | D:7      | Gained mutation: You have a pair of small horns on your
                  | head. [potion of mutation]
  6433 | D:7      | HP: 2/52 [scorpion (2)]
  6434 | D:7      | Slain by a scorpion

Illustrated notes

Levels and vault maps discovered:
D:1:      scummos_arrival_hexagon, layout_loops_corners
D:2:      layout_loops_ring, hellmonk_ecumenical_altar_inner_sanctum
D:3:      layout_basic, cheibrodos_sewer_entry_bend, serial_bayou_lake_a,
          uniq_grinder, uniq_jessica, uniq_natasha
D:4:      layout_loops_ring, kennysheep_mini_moat, minmay_misc_feat_five
D:5:      layout_basic, mainiacjoe_overflow_concentric_impassable
D:6:      layout_gridville, kennysheep_little_box, uniq_crazy_yiuf_cottage,
          uniq_eustachio
D:7:      layout_cave_pools, nicolae_ru_great_annihilating_truth,
          jmf_multi_god_temple, minmay_temple_entry_junction,
          chequers_serial_rivers_room_b, dreamdust_wishing_well

Skill      XL: |  1  2  3  4  5  6  7  8 |
---------------+-------------------------+-----
Maces & Flails | 4 6 7 8 |  8.3
Fighting       | 4 5 6 |  6.3
Throwing       | 1 2 |  2.0
Bows           | 1 |  1.7
Dodging        | |  2.4
Stealth        | |  2.1

Action                   |  1- 3 |  4- 6 |  7- 9 || total
-------------------------+-------+-------+-------++-------
Melee: Mace              |    58 |    74 |   148 ||   280
       Whip              |   101 |    80 |       ||   181
       Punch             |       |       |     2 ||     2
 Fire: Shortbow          |       |       |    11 ||    11
Throw: Javelin           |     1 |     3 |     5 ||     9
       Dart              |       |       |     2 ||     2
  Use: Potion            |       |     1 |     9 ||    10
       Scroll            |       |       |     2 ||     2
Armor: Robe              |    14 |       |       ||    14
       Scale mail        |    85 |    78 |   103 ||   266
       Skin              |       |       |    12 ||    12
Dodge: Dodged            |    91 |    56 |    91 ||   238

Table legend: (Time is in decaauts)
 A = Elapsed time spent in this place.
 B = Non-inter-level travel time spent in this place.
 C = Inter-level travel time spent in this place.
 D = Time resting spent in this place.
 E = Time spent auto-exploring this place.
 F = Levels seen in this place.
 G = Mean time per level.
                   A        B        C        D        E       F      G
               +--------+--------+--------+--------+--------+-----+--------+
         Total |   6464 |   6192 |    272 |    638 |   4349 |   7 |  923.4 |
       Dungeon |   6464 |   6192 |    272 |    638 |   4349 |   7 |  923.4 |
               +--------+--------+--------+--------+--------+-----+--------+

Top non-repeatable levels by time:
     D:5: 1604 daAuts
     D:3: 1435 daAuts
     D:1: 1214 daAuts
     D:4: 975 daAuts
     D:2: 795 daAuts
     D:6: 390 daAuts
     D:7: 49 daAuts
